 Dungeon Crawl Stone Soup version 0.29.0-4-gdea44cf6ec (webtiles) character file.

Game seed: 7566007408903565681

72 qw the Chopper (level 4, -3/26 HPs)
             Began as a Tengu Warper on Aug 28, 2022.
             Slain by Natasha (4 damage)
             ... on level 3 of the Dungeon.
             The game lasted 00:00:11 (1941 turns).

qw the Chopper (Tengu Warper)                       Turns: 1941, Time: 00:00:11

Health: -3/26      AC:  9    Str: 14    XL:     4   Next: 25%
Magic:  8/8        EV: 10    Int: 13    God:
Gold:   136        SH:  4    Dex: 19    Spells: 7/7 levels left

rFire   . . .      SeeInvis .   Y - +0 hand axe
rCold   . . .      Faith    .   c - +0 buckler
rNeg    . . .      Spirit   .   j - +0 chain mail
rPois   .          Reflect  .   (helmet restricted)
rElec   .          Harm     .   e - +0 cloak
rCorr   .          Rampage  .   (no gloves)
Will    .....                   (boots unavailable)
Stlth   ..........              (no amulet)
HPRegen 0.08/turn               h - +4 ring of evasion
MPRegen 0.11/turn               b - +6 ring of dexterity

@: slowed, very slow
A: beak, talons 3
a: no special abilities


You were on level 3 of the Dungeon.
You visited 1 branch of the dungeon, and saw 3 of its levels.

You collected 136 gold pieces.


Innate Abilities, Weirdness & Mutations

You have a beak for a mouth.
You have claws for feet.


   Skills:
 - Level 2.0 Fighting
 + Level 4.6 Axes
 - Level 1.0 Throwing
 - Level 1.1 Armour
 - Level 2.1 Dodging
 - Level 1.0 Shields
 - Level 2.0 Spellcasting
 - Level 2.4 Translocations


You had 7 spell levels left.
You didn't know any spells.
Your spell library contained the following spells:

 Spells                   Type           Power      Damage    Failure   Level
 Blink                    Tloc           14%        N/A       99%         2
 Gell's Gravitas          Tloc           7%         N/A       100%        3
 Lesser Beckoning         Tloc           7%         N/A       100%        3
 Teleport Other           Tloc           7%         N/A       100%        3
 Manifold Assault         Tloc           7%         N/A       100%        5

Inventory:

Hand Weapons
 d - a +0 club
 o - a +0 mace
 Y - a +0 hand axe (weapon)
Armour
 c - a +0 buckler (worn)
 e - a +0 cloak (worn)
 i - a +0 plate armour
 j - a +0 chain mail (worn)
 n - a +0 pair of gloves
Jewellery
 b - a +6 ring of dexterity (right hand)
 h - a +4 ring of evasion (left hand)
Scrolls
 a - 2 scrolls of identify
Potions
 f - a potion of mutation
 g - a potion of resistance {unknown}
 k - a potion of curing {unknown}
 l - a potion of flight {unknown}
 m - a potion of attraction {unknown}

Dungeon Overview and Level Annotations

Branches:
Dungeon (3/15)

Altars:
Ru

Annotations:
D:3 Natasha


Message History

A hobgoblin comes into view.
The hobgoblin shouts!
Natasha claws you!
You can move again.
You hit Natasha.
Natasha is lightly wounded.
You hit the hobgoblin. Natasha claws you.
The hobgoblin hits you but does no damage.
Natasha claws you. The hobgoblin hits you.
You hit the hobgoblin but do no damage. Your peck misses the hobgoblin.
The hobgoblin is severely wounded.
You hit Natasha. You block Natasha's attack. The hobgoblin barely misses you.
Natasha mumbles some strange words.
Natasha shimmers violently.
Natasha claws you but does no damage.
You hit the hobgoblin but do no damage.
The hobgoblin is heavily wounded.
You barely miss Natasha.
The hobgoblin hits you but does no damage.
Natasha casts a spell.
You block the hobgoblin's attack.
You hit the hobgoblin.
You kill the hobgoblin!
You closely miss Natasha. You closely miss the hobgoblin.
You hit the crimson imp but do no damage.
Natasha claws you but does no damage.
The hobgoblin hits you but does no damage.
You block the crimson imp's attack. Natasha claws you.
The hobgoblin hits you but does no damage.
You hit Natasha.
Natasha is heavily wounded.
You hit the hobgoblin.
You hit the crimson imp but do no damage.
The crimson imp barely misses you. Natasha claws you.
The hobgoblin hits you but does no damage.
The crimson imp hits you but does no damage.
Natasha claws you.
You die...

...#################.
...#.....<....[........
#..........#############
#...######..#### #....#
#..... #.....####.....
#...#.###..##.....#.....
..........####.##......#
......g..##.....[.......
......5@....#########..#
......h[##### ##.#
...........### #...
..............## #.#.
#........#...... ##.##
#............... ##.....
#..<.....# #...##.. #.#
.........# ##%#.####'##
#%....%....


You could see Natasha, a crimson imp (summoned) and a hobgoblin.

Vanquished Creatures
  Natasha (D:3)
  A dart slug (D:2)
  An orc (D:3)
  3 ball pythons
  5 endoplasms (D:1)
  3 giant cockroaches
  4 goblins
  3 hobgoblins (D:3)
  3 jackals (D:3)
  2 kobolds
  A quokka (D:2)
  3 bats (D:1)
  5 frilled lizards
  4 rats
39 creatures vanquished.

Notes
Turn   | Place    | Note
-------+----------+-------------------------------------------
     0 | D:1      | qw the Tengu Warper began the quest for the Orb.
     0 | D:1      | Reached XP level 1. HP: 12/12 MP: 4/4
     0 | D:1      | 0 ||| qw: Version: 0.1-a-89-g26bdef1
     0 | D:1      | 0 ||| qw: Game counter: 953
     0 | D:1      | 0 ||| qw: Always use a shield: true
     0 | D:1      | 0 ||| qw: God list: Okawaru
     0 | D:1      | 0 ||| qw: Allow faded altars: false
     0 | D:1      | 0 ||| qw: Do Orc after D:15 true
     0 | D:1      | 0 ||| qw: Do second Lair branch before Depths: true
     0 | D:1      | 0 ||| qw: Lair rune preference: random
     0 | D:1      | 0 ||| qw: Plans: Normal
     0 | D:1      | 0 ||| PLANNING D:1-11
    62 | D:1      | Found a faded altar of an unknown god.
   150 | D:1      | Reached skill level 3 in Axes
   150 | D:1      | Reached XP level 2. HP: 12/17 MP: 6/6
   618 | D:1      | 618 ||| UPGRADING to +0 chain mail.
   628 | D:1      | 628 ||| DROPPING +0 leather armour.
   629 | D:1      | 629 ||| UPGRADING to +4 ring of evasion.
   630 | D:1      | 630 ||| READING 2 scrolls labelled VYPTANEC TUSCHOHEG.
   631 | D:1      | 631 ||| READING scroll labelled BEOJEPT ATON.
   632 | D:1      | 632 ||| READING scroll labelled RAWYELUYCE.
   633 | D:1      | 633 ||| READING scroll labelled GEJ OPLEMUI.
   638 | D:1      | 638 ||| DROPPING scroll of blinking.
   782 | D:2      | Reached XP level 3. HP: 21/21 MP: 7/7
   819 | D:2      | Found a sacrificial altar of Ru.
  1110 | D:2      | 1110 ||| Stepping ~*~*~tactically~*~*~ (hiding).
  1365 | D:2      | Reached skill level 4 in Axes
  1541 | D:2      | 1541 ||| UPGRADING to +0 buckler.
  1546 | D:2      | 1546 ||| UPGRADING to +0 cloak.
  1551 | D:2      | 1551 ||| UPGRADING to +6 ring of dexterity.
  1552 | D:2      | 1552 ||| READING scroll labelled AFIWOVV SIBYDGH.
  1553 | D:2      | 1553 ||| READING scroll labelled ACVUEN SECE.
  1554 | D:2      | 1554 ||| READING scroll labelled AMAOZ UGRAP.
  1555 | D:2      | 1555 ||| READING scroll labelled MEOTRUEDD.
  1556 | D:2      | 1556 ||| READING 2 scrolls of identify.
  1556 | D:2      | 1556 ||| IDENTIFYING lumpy coppery potion
  1670 | D:3      | 1670 ||| Stepping ~*~*~tactically~*~*~ (stealth).
  1671 | D:3      | 1671 ||| Stepping ~*~*~tactically~*~*~ (stealth).
  1673 | D:3      | Reached skill level 1 in Shields
  1697 | D:3      | Noticed Natasha
  1698 | D:3      | 1698 ||| Stepping ~*~*~tactically~*~*~ (stealth).
  1699 | D:3      | 1699 ||| Stepping ~*~*~tactically~*~*~ (stealth).
  1701 | D:3      | 1701 ||| Stepping ~*~*~tactically~*~*~ (hiding).
  1706 | D:3      | Killed Natasha
  1707 | D:3      | Reached XP level 4. HP: 21/26 MP: 8/8
  1932 | D:3      | Noticed Natasha
  1935 | D:3      | Paralysed by a hobgoblin for 2 turns
  1940 | D:3      | HP: 6/26 [Natasha (2)]
  1941 | D:3      | HP: 1/26 [Natasha (5)]
  1941 | D:3      | Slain by Natasha

Levels and vault maps discovered:
D:1:      scummos_arrival_forest, layout_rooms, ebering_ecumenical_altar_rust
D:2:      layout_loops_corners, basic_altar, kennysheep_cross_room,
          minmay_liquid_box
D:3:      layout_rooms, interstate_on_off, uniq_natasha

Skill      XL: |  1  2  3 |
---------------+----------+-----
Axes           | 3 4 |  4.6
Shields        | 1 |  1.0
Fighting       | |  2.0
Throwing       | |  1.0
Armour         | |  1.1
Dodging        | |  2.1
Spellcasting   | |  2.0
Translocations | |  2.4

Action                   |  1- 3 |  4- 6 || total
-------------------------+-------+-------++-------
Melee: Hand axe          |    65 |    18 ||    83
       Kick              |    17 |     3 ||    20
       Peck              |    11 |     1 ||    12
       Punch             |     1 |       ||     1
Throw: Boomerang         |     7 |       ||     7
  Use: Scroll            |     9 |       ||     9
Armor: Leather armour    |     7 |       ||     7
       Chain mail        |     8 |    11 ||    19
Dodge: Dodged            |    26 |     8 ||    34
Block: Buckler           |     1 |     5 ||     6

Table legend:
 A = Non-vault XP
 B = Vault XP
 C = Vault XP percentage of total XP
 D = Non-vault monster count
 E = Vault monster count
 F = Vault count percentage of total count
                 A         B        C        D         E       F
            +---------+---------+-------+---------+---------+-------
      Total |      68 |      35 |  34.0 |      38 |       1 |   2.6
            +---------+---------+-------+---------+---------+-------
        D:1 |      26 |       0 |   0.0 |      16 |       0 |   0.0
        D:2 |      20 |       0 |   0.0 |      11 |       0 |   0.0
        D:3 |      22 |      35 |  61.4 |      11 |       1 |   8.3
            +---------+---------+-------+---------+---------+-------
